AoeStats
← gustavoageon

Scandinavia

510410601Analyzed
1v1 RM · 1d ago on Sep 30, 2026· 60m 22s· 2 players
Game mode
Random Map
Map size
Tiny (2 player)
Population
200
Speed
Normal
Resources
Standard
Victory
Conquest
Starting age
Dark Age
Ending age
Imperial Age
RankedLock teamsTeams togetherTeam positionsShared explorationLock speedFull tech treeHidden civsTurbo modeCheats
Victory
Defeat
🇧🇷 Mongols · Brazil
633
+17
🇬🇧 Burgundians · United Kingdom
649
-17
gustavoageon
4:54 Loom
10:57 Feudal Age
11:59 Double-Bit Axe
13:54 Wheelbarrow
13:11 Fishing Lines
14:27 Fishing Lines
14:47 Gold Mining
19:51 Castle Age
19:33 Stone Mining
20:58 Bow Saw
21:26 Fletching
21:36 Padded Archer Armor
23:18 Ballistics
22:49 Horse Collar
29:06 Forging
28:56 Scale Mail Armor
29:12 Leather Archer Armor
31:29 Heavy Plow
32:00 Hand Cart
35:43 Imperial Age
36:14 Bodkin Arrow
36:54 Iron Casting
36:34 Chain Mail Armor
39:28 Pikeman
40:08 Squires
40:18 Gillnets
41:49 Gold Shaft Mining
41:49 Stone Shaft Mining
40:46 Capped Ram
41:57 Conscription
42:04 Siege Ram
43:25 Heavy Cavalry Archer
44:30 Parthian Tactics
48:00 Bracer
49:01 Blast Furnace
48:31 Plate Mail Armor
47:31 Elite Mangudai
48:46 Hoardings
48:36 Drill
49:06 Elite Skirmisher
56:15 Chemistry
55:27 Clinker Construction
SuperTed
8:44 Double-Bit Axe
12:12 Feudal Age
14:23 Loom
16:39 Castle Age
15:35 Bow Saw
15:16 Horse Collar
17:02 Wheelbarrow
16:45 Cavalier
17:29 Husbandry
17:45 Forging
22:27 Gold Mining
26:57 Hand Cart
26:28 Town Watch
28:23 Fletching
30:30 Bodkin Arrow
30:36 Padded Archer Armor
31:12 Iron Casting
30:44 Scale Barding Armor
31:33 Stone Mining
32:22 Gold Shaft Mining
31:49 Loom
33:19 Elite Skirmisher
38:50 Imperial Age
40:55 Chemistry
40:40 Bracer
43:53 Stone Shaft Mining
44:47 Redemption
45:59 Paladin
Connection lost

Rejoining the realm…

Still unreachable

The connection could not be restored.

Session expired

The server has moved on; the page needs a fresh start.